 Dungeon Crawl Stone Soup version 0.31-a0-216-g22e908daa7 (webtiles) character file.

Game seed: 3512518009702451956

42 qw the Shooter (level 3, -2/29 HPs)
             Began as a Minotaur Hexslinger on July 1, 2023.
             Slain by Robin
             ... wielding a +2 vampiric whip
              (6 damage)
             ... on level 2 of the Dungeon.
             The game lasted 00:00:21 (864 turns).

qw the Shooter (Minotaur Hexslinger)                 Turns: 864, Time: 00:00:21

Health: -2/29      AC:  2    Str: 12    XL:     3   Next: 33%
Magic:  3/3        EV: 12    Int: 10    God:
Gold:   22         SH:  0    Dex: 14    Spells: 3/4 levels left

rFire   . . .        Y - +1 sling
rCold   . . .        (no shield)
rNeg    . . .        c - +0 robe
rPois   .            (helmet restricted)
rElec   .            (no cloak)
rCorr   .            (no gloves)
SInv    .            (no boots)
Will    .....        (no amulet)
Stlth   +            (no ring)
HPRegen 0.24/turn    (no ring)
MPRegen 0.08/turn

%: no passive effects
@: no status effects
A: horns 2, retaliatory headbutt
a: no special abilities


You were on level 2 of the Dungeon.
You visited 1 branch of the dungeon, and saw 2 of its levels.

You collected 22 gold pieces.


Innate Abilities, Weirdness & Mutations

You have a pair of horns on your head.
You reflexively headbutt those who attack you in melee.


   Skills:
 - Level 2.0 Fighting
 + Level 3.9 Ranged Weapons
 - Level 2.1 Dodging
 - Level 1.0 Spellcasting
 - Level 2.0 Hexes


You had 3 spell levels left.
You knew the following spells:

 Your Spells              Type           Power      Damage    Failure   Level
a - Slow                  Hex            16%        N/A       16%         1

Your spell library contained the following spells:

 Spells                   Type           Power      Damage    Failure   Level
 Inner Flame              Hex/Fire       2%         N/A       56%         3
 Portal Projectile        Hex/Tloc       4%         N/A       56%         3
 Cause Fear               Hex            2%         N/A       83%         4

Inventory:

Hand Weapons
 Y - a +1 sling (weapon)
Armour
 c - a +0 robe (worn)
Potions
 e - a potion of invisibility {unknown}
 g - a potion of curing {unknown}

Dungeon Overview and Level Annotations

Branches:
Dungeon (2/15)

Altars:

Annotations:
D:2 Robin


Message History

852 ||| Stepping ~*~*~tactically~*~*~ (outnumbered).
You shoot a sling bullet. The sling bullet hits the hobgoblin.
You kill the hobgoblin!
You shoot a sling bullet. The sling bullet hits the goblin!
You kill the goblin!
You shoot a sling bullet. The sling bullet barely misses Robin.
You shoot a sling bullet. The sling bullet barely misses Robin.
Robin zaps a wand.
The puff of flame hits you!
You shoot a sling bullet.
The sling bullet hits Robin but does no damage.
Robin roars a battlecry!
You hear a shout! x7
You shoot a sling bullet.
The sling bullet hits Robin but does no damage.
Robin roars a battlecry!
You hear a shout!
You shoot a sling bullet.
The sling bullet hits Robin but does no damage.
Robin zaps a wand.
The puff of flame hits you.
You shoot a sling bullet. The sling bullet barely misses Robin.
You hear a shout!
A goblin comes into view. It is wielding a +0 club.
Robin zaps a wand.
The puff of flame hits you!
You shoot a sling bullet. The sling bullet hits Robin.
Robin is moderately wounded.
A goblin comes into view. It is wielding a +0 club.
You shoot a sling bullet. The sling bullet hits Robin.
Robin is heavily wounded.
Robin throws the goblin at you!
You shoot a sling bullet.
The sling bullet hits Robin but does no damage.
Robin is heavily wounded.
You hear a shout!
Robin closely misses you. The goblin hits you but does no damage.
A hobgoblin comes into view.
You shoot a sling bullet. The sling bullet barely misses Robin.
The goblin hits you with a +0 club. The goblin misses you.
A hobgoblin comes into view.
Robin hits you with a +2 vampiric whip.
You die...

######..##
.........#
######...#
####...#
#.#####......#
.............#
..#####.####.#
#g# #.# ##@##
#.# #gg.# .#
..g.gg.......#
g####.....###..
#.......
#........
##...#####
##.## #.#


You could see Robin, 2 hobgoblins and 2 goblins.

Vanquished Creatures
  An adder (D:2)
  3 endoplasms (D:1)
  A giant cockroach (D:1)
  4 goblins
  4 hobgoblins
  2 jackals (D:1)
  2 kobolds (D:1)
  A quokka (D:1)
  6 ball pythons (D:1)
  4 frilled lizards (D:1)
  2 rats (D:1)
30 creatures vanquished.

Notes
Turn   | Place    | Note
-------+----------+-------------------------------------------
     0 | D:1      | qw the Minotaur Hexslinger began the quest for the Orb.
     0 | D:1      | Reached XP level 1. HP: 16/16 MP: 1/1
     0 | D:1      | 0 ||| qw: Version: 0.3-a-34-gb2f95b8
     0 | D:1      | 0 ||| qw: Game counter: 7700
     0 | D:1      | 0 ||| qw: Melee chars always use a shield: true
     0 | D:1      | 0 ||| qw: God list: Okawaru
     0 | D:1      | 0 ||| qw: Allow faded altars: false
     0 | D:1      | 0 ||| qw: Do Orc after clearing Dungeon:15 true
     0 | D:1      | 0 ||| qw: Do second Lair branch before Depths: true
     0 | D:1      | 0 ||| qw: Lair rune preference: random
     0 | D:1      | 0 ||| qw: Goals: Normal
     0 | D:1      | 0 ||| PLANNING D:1-11
    99 | D:1      | Reached skill level 3 in Ranged Weapons
   100 | D:1      | Reached XP level 2. HP: 23/23 MP: 2/2
   374 | D:1      | Found a faded altar of an unknown god.
   559 | D:1      | 559 ||| READING scroll labelled FYLIDUG WEAD.
   560 | D:1      | 560 ||| READING scroll labelled IPTU BOJOSETEDGH.
   561 | D:1      | 561 ||| READING scroll labelled XAFAOS NIYTE.
   662 | D:1      | 662 ||| READING scroll labelled ERIRCHEASMI.
   667 | D:1      | 667 ||| DROPPING scroll of poison.
   720 | D:2      | Reached XP level 3. HP: 17/29 MP: 3/3
   723 | D:2      | HP: 7/29 [poisoned by an adder]
   728 | D:2      | HP: 3/29 [poisoned by an adder]
   851 | D:2      | Noticed Robin
   852 | D:2      | 852 ||| Stepping ~*~*~tactically~*~*~ (outnumbered).
   864 | D:2      | HP: 4/29 [goblin/+0 club[Robin] (6)]
   864 | D:2      | Slain by Robin

Levels and vault maps discovered:
D:1:      amcnicky_arrival_blooded_trapdoor, layout_basic,
          basic_ecumenical_altar
D:2:      layout_loops_ring, uniq_robin, uniq_crazy_yiuf_cottage

Skill      XL: |  1  2 |
---------------+-------+-----
Ranged Weapons | 3 |  3.9
Fighting       | 2 |  2.0
Dodging        | |  2.1
Spellcasting   | |  1.0
Hexes          | |  2.0

Action                     || total
---------------------------++-------
   Fire: Sling             ||    78
    Use: Scroll            ||     4
 Armour: Robe              ||     6
  Dodge: Dodged            ||    14

Table legend:
 A = Non-vault XP
 B = Vault XP
 C = Vault XP percentage of total XP
 D = Non-vault monster count
 E = Vault monster count
 F = Vault count percentage of total count
                 A         B        C        D         E       F
            +---------+---------+-------+---------+---------+-------
      Total |      56 |       4 |   6.7 |      28 |       2 |   6.7
            +---------+---------+-------+---------+---------+-------
        D:1 |      40 |       0 |   0.0 |      26 |       0 |   0.0
        D:2 |      16 |       4 |  20.0 |       2 |       2 |  50.0
            +---------+---------+-------+---------+---------+-------
